 Dungeon Crawl Stone Soup version 0.30.0-10-gfe55d96785 (webtiles) character file.

Game seed: 16330564433188154115

87 Frutz the Grasshopper (level 4, 0/40 HPs)
             Began as a Naga Warper on May 15, 2023.
             Was a Follower of Sif Muna.
             Slain by a worm (5 damage)
             ... on level 2 of the Dungeon.
             The game lasted 00:11:34 (1677 turns).

Frutz the Grasshopper (Naga Warper)                 Turns: 1677, Time: 00:11:35

Health: 0/40       AC:  4    Str: 15    XL:     4   Next: 51%
Magic:  7/7        EV:  7    Int: 14    God:    Sif Muna [*.....]
Gold:   114        SH:  0    Dex: 10    Spells: 7/7 levels left

rFire   . . .        b - +0 morningstar
rCold   . . .        (no shield)
rNeg    . . .        i - +0 scale mail
rPois   +            (no helmet)
rElec   .            (no cloak)
rCorr   .            (no gloves)
SInv    +            (no barding)
Will    .....        (no amulet) Stlth
                     (no ring)
HPRegen 0.26/turn    (no ring)
MPRegen 0.10/turn

%: no passive effects
@: very slow
A: AC +1, large, see invisible, deformed body, poison resistance, slowness 2,
spit poison 1, naga tail 1
a: Spit Poison, Renounce Religion, Channel Magic


You were on level 2 of the Dungeon.
You worshipped Sif Muna.
Sif Muna was aware of your devotion.
You visited 1 branch of the dungeon, and saw 2 of its levels.

You collected 114 gold pieces.

Inventory:

Hand Weapons
 b - a +0 morningstar (weapon)
 e - a +0 long sword
Missiles
 d - 7 boomerangs of dispersal (quivered)
 g - 9 poisoned darts
Armour
 i - a +0 scale mail (worn)
Scrolls
 a - a scroll of noise {unknown}
 f - 4 scrolls of identify {unknown}
 k - a scroll of enchant weapon {unknown}
 l - a scroll of teleportation {unknown}
 o - a scroll of enchant armour {unknown}
Potions
 h - 3 potions of haste {unknown}
 j - a potion of lignification {unknown}
 m - a potion of berserk rage {unknown}
 n - 2 potions of resistance {unknown}
 p - 2 potions of mutation {unknown}


   Skills:
 + Level 2.3 Fighting
 + Level 2.3 Long Blades
 + Level 1.6 Maces & Flails
 + Level 1.1 Throwing
 + Level 1.6 Armour
 + Level 1.8 Dodging
 + Level 2.1 Spellcasting
 + Level 3.4 Translocations


You had 7 spell levels left.
You didn't know any spells.
Your spell library contained the following spells:

 Spells                   Type           Power      Damage    Failure   Level
 Blink                    Tloc           22%        N/A       34%         2
 Lesser Beckoning         Tloc           22%        N/A       34%         2
 Teleport Other           Tloc           11%        N/A       56%         3
 Vhi's Electric Charge    Tloc/Air       12%        N/A       80%         3
 Volatile Blastmotes      Fire/Tloc      12%        2d11      80%         3
 Manifold Assault         Tloc           11%        N/A       92%         4
 Iskenderun's Mystic Bla  Conj/Tloc      6%         2d4       99%         4
 Fulminant Prism          Conj/Hex       0%         3d5       100%        4
 Lee's Rapid Deconstruct  Erth           0%         3d4*      100%        5


Dungeon Overview and Level Annotations

Branches:
Dungeon (2/15)

Altars:
Sif Muna


Innate Abilities, Weirdness & Mutations

Your serpentine skin is tough. (AC +1)
You have supernaturally acute eyesight. (SInv)
Armour fits poorly on your strangely shaped body.
Your system is resistant to poisons. (rPois)
You cover ground very slowly.
You can spit poison.
You have a snake-like lower body.


Message History

You thump the gnoll!
The gnoll is severely wounded.
The gnoll closely misses you. The hobgoblin hits you. x2
The gnoll hits you but does no damage.
You hit the gnoll but do no damage.
The gnoll is severely wounded.
The gnoll hits you with a +0 whip.
The hobgoblin hits you but does no damage.
You barely miss the gnoll.
The gnoll is severely wounded.
The gnoll hits you but does no damage. The hobgoblin hits you.
You hit the gnoll.
The gnoll is almost dead.
The gnoll hits you with a +0 whip. The hobgoblin closely misses you.
The gnoll hits you with a +0 whip.
* * * LOW HITPOINT WARNING * * *
The hobgoblin hits you.
* * * LOW HITPOINT WARNING * * *
The gnoll attacks as you move away! The gnoll hits you with a +0 whip.
* * * LOW HITPOINT WARNING * * *
Blink to where?
Press: ? - help, Q - select action, (/) - cycle Dir - move target
As you read the scroll of blinking, it crumbles to dust.
You hit the gnoll.
You kill the gnoll!
Sif Muna accepts your kill.
You puncture the hobgoblin!
You kill the hobgoblin!
Sif Muna accepts your kill. The kobold barely misses you.
You closely miss the kobold. The kobold hits you with a +0 club.
* * * LOW HITPOINT WARNING * * *
You barely miss the kobold.
The kobold hits you but does no damage. x2
You closely miss the kobold. The kobold hits you with a +0 club.
* * * LOW HITPOINT WARNING * * *
You puncture the kobold!
You kill the kobold!
Sif Muna accepts your kill.
You barely miss the worm. The worm bites you.
You die...

##♣♣P.....P♣♣#.#
##......⌠.......####
#..♣♣P.....P♣♣.....##
#.#♣♣PP...PP♣♣.##P..#
#####.##♣♣PP.PP♣♣.##..♣..#
#.......♣♣♣♣.♣♣♣♣.#..♣♣♣PP#
#.######.#♣♣.♣♣..#....♣ ♣P#
#.# #.......##.###.†♣♣..##
#.####.###....@## ##....#
#......# #..###w###.###.#
#..###.###..# ##.#.## #
#..# #......# ##.## #..#
###....# #.# # ##.# ######
#.# ###.# ##.# #.##....K
#.<# #######..gK## #..#
........g.w.#


You could see a worm.

Vanquished Creatures
  A gnoll (D:2)
  4 adders
  A worm (D:2)
  A dart slug (D:1)
  4 bats (D:2)
  2 endoplasms (D:1)
  2 giant cockroaches
  3 goblins (D:1)
  8 hobgoblins
  A quokka (D:1)
  4 ball pythons (D:1)
  3 kobolds
  3 rats
37 creatures vanquished.

Notes
Turn   | Place    | Note
-------+----------+-------------------------------------------
     0 | D:1      | Frutz the Naga Warper began the quest for the Orb.
     0 | D:1      | Reached XP level 1. HP: 19/19 MP: 3/3
    65 | D:1      | Reached skill level 1 in Throwing
    72 | D:1      | Reached XP level 2. HP: 17/26 MP: 5/5
   587 | D:1      | Found a faded altar of an unknown god.
   589 | D:1      | Prayed at the altar of an unknown god.
   589 | D:1      | Became a worshipper of Sif Muna the Loreminder
   589 | D:1      | Reached * piety under Sif Muna
   728 | D:2      | Reached XP level 3. HP: 19/32 MP: 6/6
   877 | D:2      | Reached skill level 1 in Armour
   915 | D:2      | Reached skill level 1 in Maces & Flails
  1160 | D:2      | Reached XP level 4. HP: 39/39 MP: 7/7
  1677 | D:2      | Slain by a worm

Illustrated notes

Levels and vault maps discovered:
D:1:      minmay_arrival_semitransparent, layout_loops_cross,
          chequers_ecumenical_altar_twisty, chequers_avenue
D:2:      layout_loops_ring, serial_forest, infiniplex_forest_clump_double,
          infiniplex_forest_clump_small, infiniplex_forest_clump_large,
          infiniplex_forest_diagonal, infiniplex_forest_clump_long,
          infiniplex_forest_end_1, infiniplex_forest_fountain,
          minmay_hexomino_u4

Skill      XL: |  1  2  3 |
---------------+----------+-----
Throwing       | 1 |  1.1
Armour         | 1 |  1.6
Maces & Flails | 1 |  1.6
Fighting       | |  2.3
Long Blades    | |  2.3
Dodging        | |  1.8
Spellcasting   | |  2.1
Translocations | |  3.4

Action                     |  1- 3 |  4- 6 || total
---------------------------+-------+-------++-------
  Melee: Long sword        |    28 |       ||    28
         Morningstar       |   120 |    61 ||   181
    Use: Scroll            |       |     1 ||     1
 Armour: Scale mail        |    48 |    52 ||   100
  Dodge: Dodged            |    46 |    37 ||    83
